Unix NetHack Version 5.0.0-0 post-release - last build Jun 10 2026 00:39:30 (3ee93aec679c4c4259841fe613dc97188e26a321,branch:main).

Game began 2026-06-14 04:04:18, ended 2026-06-20 23:37:49.

Doran, lawful male human Samurai

                                   ------
                                  --.|..|
                                 ..%<.)--
                                 ..>..--
                                 .....|
                                  ....--
                                    ...--    ........
                                     -..------%.....#
                                     --....).@%.....|
                                      --------@.--.--
                                             -------
Doran the Ninja        St:16 Dx:16 Co:18 In:10 Wi:9 Ch:8  Lawful S:6337
Dlvl:9  $:0  HP:0(86) Pw:28(28) AC:2  Xp:8 T:4138  Burdened

Latest messages:
 You kill the gnome!
 You have a little trouble lifting Y - a yellowish brown gem.
 l - a red gem.
 You hit the gnome.
 The dagger hits the gnome.
 The gnome thrusts one of her daggers.
 The gnome hits!
 The gnome wields a dagger!
 You kill the gnome!
 Welcome to experience level 8.
 You kill the gnome!
 The gnome picks up 2 daggers.
 You kill the gnome!
 There is a gnome corpse here; eat it? [ynq] (n) y
 This gnome corpse is fatty.
 You stop eating the gnome corpse.
 The jaguar hits!
 The jaguar misses!
 The jaguar just misses!
 You hit the jaguar!
 The jaguar hits!
 The jaguar misses!
 The jaguar just misses!
 You hit the jaguar!
 You hit the jaguar!
 The jaguar hits!
 The jaguar hits again!
 The jaguar bites!
 You kill the jaguar!
 There is a partly eaten gnome corpse here; eat it? [ynq] (n) y
 You resume your meal.
 You hear a nearby zap.
 The magic missile whizzes by you!
 You finish eating the gnome corpse.
 You hear a nearby zap.
 The magic missile hits it.
 The magic missile hits you!
 You hear a nearby zap.
 The magic missile hits you!
 You hear a nearby zap.
 The magic missile hits you!
 You hear the howling of the CwnAnnwn...
 The Green-elf thrusts her elven spear.
 The Green-elf hits!
 You hit the Green-elf.
 You hit the Green-elf!
 The Green-elf thrusts her elven spear.
 The Green-elf hits!
 You die...
 Do you want your possessions identified? [ynq] (y) q

Inventory:
 Weapons  (')')
  W - 10 +1 arrows
  K - 44 +0 arrows
  d - 27 +0 ya (in quiver)
  c - a +0 yumi
  a - a +0 katana (weapon in right hand)
  b - a +0 wakizashi (alternate weapon; not wielded)
 Armor    ('[')
  L - a cursed -1 orcish helm (being worn)
  U - an uncursed +0 pair of iron shoes (being worn)
  e - an uncursed rustproof +0 splint mail (being worn)
 Comestibles  ('%')
  V - 2 uncursed orc chops
  f - 2 uncursed slime molds
  B - 2 uncursed gunyoki
  n - 2 uncursed lembas wafers
  I - an uncursed orange
  g - an uncursed tin of szechuan bugbear meat
  j - an uncursed lizard corpse
 Scrolls  ('?')
  T - a cursed scroll of amnesia
  o - an uncursed scroll of fire
  E - a cursed scroll of fire
  A - a cursed scroll of remove curse
  S - a blessed scroll of teleportation
  z - an uncursed scroll of teleportation
  m - 2 cursed scrolls of teleportation
 Spellbooks  ('+')
  O - an uncursed spellbook of detect unseen
  R - an uncursed spellbook of dig
 Potions  ('!')
  r - a cursed potion of fruit juice
  N - an uncursed potion of gain energy
  D - a cursed potion of oil
  J - an uncursed potion of restore ability
  F - a cursed potion of sake
  x - a cursed potion of see invisible
 Rings    ('=')
  i - a cursed ring of aggravate monster
 Wands    ('/')
  X - a wand of create monster (0:10)
  y - a cursed wand of digging (0:3)
  u - a cursed wand of magic missile (0:6)
  t - a cursed wand of probing (0:4)
  Q - a cursed wand of speed monster (0:6)
  k - a blessed wand of striking (0:0)
 Tools    ('(')
  Z - a cursed sack containing 21 items
  s - an uncursed blindfold
  M - a cursed magic marker (0:96)
  H - an uncursed magic whistle
  C - an uncursed mirror
  h - an uncursed skeleton key
  P - 2 uncursed wax candles
  q - a cursed partly used wax candle
 Gems/Stones  ('*')
  Y - an uncursed topaz stone
  l - an uncursed worthless piece of red glass

Contents of the sack:
  491 gold pieces
  2 cursed fortune cookies
  a cursed partly eaten lembas wafer
  a cursed tripe ration
  4 cursed tins of hill orc meat
  a cursed tin of gnome meat
  a cursed tin of gnome leader meat
  a cursed lichen corpse
  an uncursed scroll of blank paper
  2 uncursed worthless pieces of black glass
  a cursed worthless piece of black glass
  an uncursed worthless piece of green glass
  an uncursed turquoise stone
  a cursed worthless piece of green glass
  an uncursed worthless piece of orange glass
  an uncursed jacinth stone
  an uncursed garnet stone
  an uncursed worthless piece of white glass
  2 uncursed worthless pieces of yellow glass
  an uncursed worthless piece of yellowish brown glass
  a cursed touchstone

Doran the Samurai's attributes:

Background:
 You were a Ninja, a level 8 male human Samurai.
 You were lawful, on a mission for Amaterasu Omikami
 who was opposed by Raijin (neutral) and Susanowo (chaotic).
 You were right-handed.
 You were in the Gnomish Mines, on level 9.
 You entered the dungeon 4138 turns ago.
 It was nighttime.
 You had 1329 experience points, 1231 more were needed to attain level 9.
 Your score was 6337 before end-of-game adjustments.

Basics:
 You had 0 out of 86 hit points.
 You had all 28 energy points (spell power).
 Your armor class was 2.
 Your wallet was empty, but
 you had 491 zorkmids stashed away in your pack.
 Autopickup was on for '$"?/=+!*' plus thrown, with exceptions.

Final Characteristics:
 Your strength was 16 (limit:18/100).
 Your dexterity was 16 (peak:17, limit:18).
 Your constitution was 18 (limit:18).
 Your intelligence was 10 (limit:18).
 Your wisdom was 9 (limit:18).
 Your charisma was 8 (limit:18).

Final Status:
 You weren't hungry.
 You were burdened; movement was slightly slowed.
 You were wielding a long sword.
 You were skilled in long sword and could have enhanced that.

Final Attributes:
 You were piously aligned.
 You were warded.
 You were fast.
 You are dead.

Miscellaneous:
 You encountered 2 bones levels.
 Total elapsed playing time was 48 minutes and 56 seconds.

Major events:
 Turn
    1: Doran the lawful male human Samurai entered the dungeon
  610: attained the rank of Ronin (level 3)
  961: entered the Gnomish Mines
 2170: reached Mine Town
 2173: attained the rank of Ninja (level 6)
 4138: killed by a Green-elf

You didn't know any spells.

Skills:
 Fighting Skills
   martial arts      [Basic]
   two weapon combat [Unskilled]
   riding            [Unskilled]
 Weapon Skills
   dagger            [Unskilled]
   knife             [Unskilled]
   short sword       [Basic]
   broadsword        [Unskilled]
   long sword        [Skilled]
   two-handed sword  [Unskilled]
   saber             [Unskilled]
   flail             [Unskilled]
   quarterstaff      [Unskilled]
   polearms          [Unskilled]
   spear             [Unskilled]
   lance             [Unskilled]
   bow               [Basic]
   shuriken          [Unskilled]
 Spellcasting Skills
   attack spells     [Unskilled]
   divination spells [Unskilled]
   clerical spells   [Unskilled]

Voluntary challenges:
 Character rerolling was not enabled.
 You never genocided any monsters.
 You never polymorphed an object.
 You never changed form.
 You used no wishes.
Achievements:
 You entered a shop.
 You attained the rank of Ronin.
 You entered the Gnomish Mines.
 You entered Minetown.
 You attained the rank of Ninja.
 You entered a temple.

 The Dungeons of Doom: levels 1 to 4
    Level 1:
    Level 2:
       A general store, a fountain.
    Level 3: "vault"
       A fountain.
       Stairs down to The Gnomish Mines.
    Level 4:
 The Gnomish Mines: levels 4 to 10
    Level 4:
       Final resting place for
          efot-Arc-Dwa-Fem-Law, killed by a gecko.
    Level 5:
    Level 6:
    Level 7:
       Many shops, a temple and an altar, some fountains.
    Level 8:
       A grave.
       Final resting place for
          Sallap-Bar-Hum-Mal-Cha, killed by a wand.
    Level 9: <- You were here.
       Final resting place for
          you, killed by a Green-elf.
    Level 10:


Vanquished creatures:
  2 ghosts
  a small mimic
  a lynx
  a leprechaun
  a giant spider
  a gnome ruler
  a dwarf mummy
  3 ogres
  a lizard
  a jaguar
  a rope golem
  a wood nymph
  2 rock piercers
  a yellow light
  7 gnome leaders
  2 gnomish wizards
  2 giant ants
  2 floating eyes
  3 dwarves
  3 hill orcs
  5 rothes
  a monkey
  a dwarf zombie
  2 iguanas
 10 killer bees
 an acid blob
  a large kobold
  a giant rat
  a brown mold
  a yellow mold
 35 gnomes
  4 geckos
  4 jackals
  a kobold
  5 goblins
  7 sewer rats
  5 grid bugs
  2 lichens
  8 newts
132 creatures vanquished.

No species were genocided or became extinct.

Game over:
                       ----------
                      /          \
                     /    REST    \
                    /      IN      \
                   /     PEACE      \
                  /                  \
                  |      Doran       |
                  |      491 Au      |
                  |   killed by a    |
                  |    Green-elf     |
                  |                  |
                  |                  |
                  |       2026       |
                 *|     *  *  *      | *
        _________)/\\_//(\/(/\)/\//\/|_)_______

Sayonara Doran the Samurai...

You died in The Gnomish Mines on dungeon level 9 with 6288 points,
and 491 pieces of gold, after 4138 moves.
You were level 8 with a maximum of 86 hit points when you died.

